 Dungeon Crawl Stone Soup version 0.24.0-1-gfbc8707 (webtiles) character file.

Game seed: 7948916482205046534, levelgen mode: deterministic

215 Belboz the Shield-Bearer (level 6, 0/48 HPs)
             Began as a Formicid Fighter on Nov 7, 2019.
             Succumbed to a worker ant's poison
             ... on level 4 of the Dungeon.
             The game lasted 00:05:56 (3083 turns).

Belboz the Shield-Bearer (Formicid Fighter)         Turns: 3083, Time: 00:05:57

Health: 0/48       AC:  6    Str: 21    XL:     6   Next: 15%
Magic:  6/6        EV:  9    Int:  7    God:
Gold:   130        SH: 10    Dex: 12    Spells: 5/5 levels left

rFire    . . .     SeeInvis +   a - +0 long sword
rCold    . . .     Gourm    .   c - +0 shield
rNeg     . . .     Faith    .   g - +0 ring mail
rPois    .         Spirit   .   (helmet unavailable)
rElec    .         Reflect  .   (no cloak)
rCorr    .         Harm     .   (no gloves)
MR       .....                  e - +0 pair of boots
Stlth    +.........             (no amulet)
HPRegen  0.16/turn              (no ring)
MPRegen  0.10/turn              (no ring)

@: lethally poisoned (0 -> -15)
A: permanent stasis, dig shafts and tunnels, four strong arms, antennae 3
a: Dig, Shaft Self


You were on level 4 of the Dungeon.
You were hungry.

You visited 1 branch of the dungeon, and saw 4 of its levels.

You collected 130 gold pieces.

Inventory:

Hand Weapons
 a - a +0 long sword (weapon)
Missiles
 k - 45 stones (quivered)
 o - 37 bolts
 q - 47 sling bullets
Armour
 b - a +0 scale mail
 c - a +0 shield (worn)
 e - a +0 pair of boots (worn)
 g - a +0 ring mail (worn)
Scrolls
 i - 3 scrolls of identify
 p - a scroll of magic mapping
 r - a scroll of remove curse
 s - a scroll of amnesia {unknown}
 t - a scroll of fog {unknown}
Potions
 d - a potion of might
 h - a potion of resistance
 j - a potion of brilliance {unknown}
 m - a potion of invisibility {unknown}
 n - a potion of agility {unknown}
 v - a potion of berserk rage
 w - a potion of haste {unknown}
Comestibles
 f - 8 rations
 u - 7 chunks of flesh


   Skills:
 - Level 4.0 Fighting
 * Level 4.2 Long Blades
 - Level 3.2 Armour
 * Level 5.6 Shields


You had 5 spell levels left.
You didn't know any spells.
Your spell library was empty.

Dungeon Overview and Level Annotations

Branches:
Dungeon (4/15)
 Temple: D:4-7

Altars:
Kikubaaqudgha

Annotations:
D:3 2 runed translucent doors, Sonofthefire's ghost, amateur OpTm


Innate Abilities, Weirdness & Mutations

You cannot be hasted, slowed, berserked, paralysed or teleported.
You can dig through walls and to a lower floor.
Your four strong arms can wield two-handed weapons with a shield.
You have a pair of large antennae on your head. (SInv)


Message History

You feel sick. You block the worker ant's attack.
Eat one of 7 chunks of flesh? (ye/n/q)
Okay, then.
It was a potion of resistance.
You feel protected.
* * * LOW HITPOINT WARNING * * *
You feel sick. The worker ant bites you.
* * * LOW HITPOINT WARNING * * *
It was a potion of berserk rage.
Your stasis prevents you from going berserk.
* * * LOW HITPOINT WARNING * * *
You feel sick. The worker ant bites you.
* * * LOW HITPOINT WARNING * * *
The worker ant bites you.
* * * LOW HITPOINT WARNING * * *
It was a potion of cancellation.
Your magical effects are unravelling.
You feel magically purged.
Your resistance to elements expires.
You die...

#o# #.# #.....|. #.#
.......## #(# ........#
#.# ........# #.#
........# #.###
........# #.#a##
........## #{{#@#
......{.{# #.####
.....(.#{####.#########
.......#.#............#
......a#..............#
.......##.............#
...!...##.............#
.......###............#
.......# #............#


You could see a worker ant.

Vanquished Creatures
  2 orc priests (D:4)
  An iguana (D:4)
  2 worker ants (D:4)
  3 adders
  A worm (D:3)
  3 dart slugs
  3 orcs (D:4)
  2 giant cockroaches
  7 goblins
  5 hobgoblins
  4 kobolds
  A quokka (D:3)
  A ball python (D:2)
  10 bats
  4 frilled lizards
  A leopard gecko skeleton (D:2)
  8 rats
58 creatures vanquished.

Notes
Turn   | Place    | Note
-------+----------+-------------------------------------------
     0 | D:1      | Belboz the Formicid Fighter began the quest for the Orb.
     0 | D:1      | Reached XP level 1. HP: 18/18 MP: 1/1
   248 | D:1      | Reached XP level 2. HP: 24/24 MP: 2/2
   752 | D:1      | Reached skill level 4 in Shields
   752 | D:1      | Reached XP level 3. HP: 25/29 MP: 3/3
  1582 | D:2      | Reached XP level 4. HP: 37/37 MP: 4/4
  1884 | D:1      | You fall into a shaft and drop 1 floor!
  1887 | D:2      | You fall into a shaft and drop 1 floor!
  2180 | D:3      | Found an ancient bone altar of Kikubaaqudgha.
  2767 | D:3      | Found a large runed translucent door.
  2767 | D:3      | Found a large runed translucent door.
  2794 | D:3      | Noticed Sonofthefire's ghost (amateur OpTm)
  2830 | D:4      | Reached XP level 5. HP: 41/42 MP: 5/5
  2852 | D:4      | Reached skill level 5 in Shields
  2934 | D:4      | Reached XP level 6. HP: 33/48 MP: 6/6
  3082 | D:4      | HP: 1/48 [worker ant (2)]
  3083 | D:4      | Succumbed to a worker ant's poison

Levels and vault maps discovered:
D:1:      wheals_arrival_shading, layout_basic
D:2:      layout_loops_ring, minivault_25, grunt_ministairs_8, minmay_between
D:3:      layout_loops_ring, overflow_temple_1_default,
          ebering_ghost_disaster_area, chequers_serial_rivers_marsh
D:4:      layout_basic, first_ration

Skill      XL: |  1  2  3  4  5 |
---------------+----------------+-----
Shields        | 4 5 |  5.6
Long Blades    | 3 4 |  4.2
Fighting       | 4 |  4.0
Armour         | |  3.2

Action                   |  1- 3 |  4- 6 || total
-------------------------+-------+-------++-------
Melee: Long sword        |    77 |   105 ||   182
Throw: Stone             |       |    14 ||    14
 Abil: Shaft Self        |       |     2 ||     2
       Dig               |       |     1 ||     1
  Use: Scroll            |     4 |     1 ||     5
       Potion            |       |     3 ||     3
 Stab: Sleeping          |     1 |       ||     1
  Eat: Chunk             |     2 |     2 ||     4
       Ration            |       |     1 ||     1
Armor: Leather armour    |    24 |     9 ||    33
       Ring mail         |     6 |    17 ||    23
Dodge: Dodged            |    49 |    33 ||    82
Block: Shield            |    20 |    53 ||    73
       Rpst.: Long sword |    17 |    14 ||    31
